Map: Discord IV

Players

GogaMagoga - Winner!

  • Race: Protoss Protoss
  • Spawn Location: 11:00

Shrike - Winner!

  • Race: Terran Terran
  • Spawn Location: 9:00

NEKIT

  • Race: Zerg Zerg
  • Spawn Location: 5:00

Gracz

  • Race: Terran Terran
  • Spawn Location: 5:00

VOD

Have the link to the VOD?

Description

Time

  • Played on: May 3, 2016, 12:05 p.m.
  • Length: 6:15
Show
View Real Time Build Order
Export as new Build Order

GogaMagoga Protoss - Winner!

Build Orders:  

Get SALT Encoding   

  12  0:05  Probe (Chrono Boost)  
  13  0:15  Probe (Chrono Boost)  
  14  0:24  Pylon  
  14  0:26  Probe (Chrono Boost)  
  16  0:42  Probe (Chrono Boost)  
  16  0:45  Gateway  
  16  0:55  Forge  
  16  1:03  Pylon  
  16  1:09  Probe (Chrono Boost)  
  17  1:19  Probe (Chrono Boost)  
  18  1:30  Probe (Chrono Boost)  
  18  1:31  Photon Cannon  
  19  1:35  Zealot  
  21  1:40  Probe (Chrono Boost)  
  22  1:51  Probe (Chrono Boost)  
  23  1:59  Photon Cannon  
  23  2:00  Pylon  
  23  2:15  Assimilator  
  23  2:26  Photon Cannon  
  23  2:27  Photon Cannon  
  23  3:08  Gateway  
  23  3:09  Gateway  
  23  3:10  Gateway  
  23  3:11  Pylon  
  23  3:20  Assimilator  
  23  3:28  Cybernetics Core  
  23  3:57  Zealot (Chrono Boost)  
  23  4:00  Zealot x2 (Chrono Boost)  
  29  4:12  Warp Gate (Chrono Boost)  
  29  4:15  Pylon  
  29  4:22  Zealot (Chrono Boost)  
  33  4:28  Zealot x2 (Chrono Boost)  
  35  4:46  Zealot (Chrono Boost)  
  35  4:50  Zealot (Chrono Boost)  
  43  4:55  Zealot x2 (Chrono Boost)  
  43  5:09  Zealot (Chrono Boost)  
  43  5:13  Zealot (Chrono Boost)  
  47  5:18  Zealot  
  47  5:19  Pylon  
Show
View Real Time Build Order
Export as new Build Order

Shrike Terran - Winner!

Build Orders:  

Get SALT Encoding   

  12  0:01  SCV  
  13  0:13  SCV  
  14  0:25  Supply Depot  
  14  0:28  SCV  
  15  0:47  SCV  
  16  0:54  Barracks  
  16  0:59  SCV  
  17  1:11  SCV  
  18  1:19  Refinery  
  18  1:23  SCV  
  19  1:35  SCV  
  20  1:42  Supply Depot  
  20  1:43  Barracks  
  20  1:45  Marine  
  21  1:47  SCV  
  22  1:59  SCV  
  23  2:04  Marine  
  23  2:08  Refinery  
  24  2:11  SCV  
  25  2:22  Marine  
  26  2:39  Marine  
  26  2:42  Barracks Reactor  
  27  2:48  Command Center  
  27  2:57  Marine  
  28  3:05  Engineering Bay  
  28  3:10  Factory  
  29  3:20  Orbital Command  
  29  3:27  Marine  
  29  3:28  Marine  
  30  3:45  Marine  
  31  3:48  Barracks Reactor  
  31  3:55  Supply Depot  
  31  3:57  Marine  
  31  4:01  Supply Depot  
  32  4:03  Marine  
  33  4:11  Factory Tech Lab  
  33  4:14  SCV  
  33  4:15  Marine  
  35  4:21  Marine  
  36  4:26  SCV  
  37  4:31  Marine x2  
  37  4:32  Marine  
  40  4:38  SCV  
  40  4:39  Marine  
  42  4:49  Barracks, Marine x2  
  42  4:50  Marine, SCV  
  46  5:03  SCV  
  46  5:07  Marine x2  
  47  5:14  Sensor Tower  
  49  5:15  SCV  
  49  5:16  Marine  
  49  5:17  Marine  
  52  5:22  Hellion  
  52  5:24  Marine  
  52  5:25  Marine  
  56  5:30  Orbital Command  
  56  5:34  Marine x2  
  58  5:42  Marine x2  
  58  5:43  Barracks Tech Lab  
  58  5:49  Hellion  
  62  5:52  Marine x2  
Show
View Real Time Build Order
Export as new Build Order

NEKIT Zerg 

Build Orders: Hatch First 

Get SALT Encoding   

  12  0:01  Drone  
  13  0:09  Drone  
  14  0:18  Overlord  
  14  0:49  Drone  
  15  0:50  Hatchery  
  15  0:51  Drone  
  15  0:56  Drone  
  16  1:07  Extractor  
  16  1:09  Drone  
  16  1:17  Drone  
  16  1:18  Extractor  
  16  1:26  Spawning Pool  
  16  1:28  Drone  
  16  1:33  Drone  
  17  1:43  Drone  
  18  1:55  Drone  
  18  1:59  Extractor  
  18  2:02  Drone  
  18  2:08  Overlord  
  19  2:15  Spore Crawler  
  19  2:17  Drone  
  19  2:28  Lair  
  19  2:30  Drone  
Show
View Real Time Build Order
Export as new Build Order

Gracz Terran 

Build Orders:  

Get SALT Encoding   

Tags
 
Add a new tag
Caveats
  • Supply blocks, unpowered buildings, or Contaminate may cause inaccurate times.
  • Supply counts are checked every 10 seconds.